 Dungeon Crawl Stone Soup version 0.22.1-2-g9c5b331383 (webtiles) character file.

102 Ihlosi the Cutter (level 5, -7/31 HPs)
             Began as a Kobold Gladiator on Dec 11, 2018.
             Killed by divine providence
             ... invoked by an orc priest
              (13 damage)
             ... on level 4 of the Dungeon.
             The game lasted 00:05:10 (2024 turns).

Ihlosi the Cutter (Kobold Gladiator)                Turns: 2024, Time: 00:05:12

Health: -7/31      AC:  5    Str: 12    XL:     5   Next: 5%
Magic:  5/5        EV: 16    Int: 14    God:
Gold:   184        SH:  0    Dex: 17    Spells: 4/4 levels left

rFire    . . .     SeeInvis .   a - +1 rapier
rCold    . . .     Gourm    .   (shield restricted)
rNeg     . . .     Faith    .   b - +0 leather armour
rPois    .         Spirit   .   c - +0 helmet
rElec    .         Reflect  .   (no cloak)
rCorr    .         Harm     .   (no gloves)
MR       .....                  n - +0 pair of boots
Stlth    ++........             (no amulet)
HPRegen  0.10/turn              (no ring)
MPRegen  0.09/turn              (no ring)

@: brilliant
A: small, carnivore
a: no special abilities


You were on level 4 of the Dungeon.
You were very full.

You visited 1 branch of the dungeon, and saw 4 of its levels.

You collected 184 gold pieces.

Inventory:

Hand Weapons
 a - a +1 rapier (weapon)
Missiles
 d - 3 throwing nets (quivered)
 e - 10 poisoned needles
Armour
 b - a +0 leather armour (worn)
 c - a +0 helmet (worn)
 n - a +0 pair of boots (worn)
Jewellery
 l - an uncursed ring of fire {unknown}
Scrolls
 g - a scroll of teleportation
 h - a scroll of remove curse
 i - 2 scrolls of enchant weapon
Potions
 q - a potion of magic {unknown}
 r - a potion of heal wounds {unknown}
Comestibles
 f - 4 rations


   Skills:
 * Level 2.7 Fighting
 + Level 5.0 Short Blades
 - Level 2.1 Throwing
 * Level 1.1 Armour
 * Level 4.4 Dodging
 * Level 2.5 Stealth


You had 4 spell levels left.
You didn't know any spells.
Your spell library was empty.

Dungeon Overview and Level Annotations

Branches:
Dungeon (4/15)
 Temple: D:4-7

Altars:
Ashenzari
Fedhas
Wu Jian

Annotations:
D:3 Phantom


Innate Abilities, Weirdness & Mutations

You are small and have problems with some larger weapons.
You are carnivorous and can eat meat at any time.


Message History

You hit something. Something hits you.
You barely miss something. Something hits you.
* * * LOW HITPOINT WARNING * * *
You hit something.
Reactivating autopickup.
Your Short Blades skill increases to level 5!
You have reached level 5!
You feel stronger.
You feel a bit more experienced.
It was a potion of brilliance.
You feel clever all of a sudden.
You barely miss the orc. The orc misses you.
The orc priest shouts!
You hit the orc.
The orc is lightly wounded.
The orc hits you with a club.
* * * LOW HITPOINT WARNING * * *
The orc priest mumbles some strange prayers to Beogh against you.
Beogh smites you!
You die...

###### #....#
###
#....#######<#
#.........##.#
#....####o##.###
#....# #.##...#
#....# #o####.#
##'### #@# #.#
..# #.# #.# ...#
#.# #.# .....
#.# #.# ..>...
#.# #.# .......
#.# #.#
........# #.#
#.# #.# #.# #.#
#.#


You could see an orc priest and an orc.

Vanquished Creatures
  An orc wizard (D:4)
  An adder (D:3)
  2 worms (D:3)
  A dart slug (D:3)
  3 leopard geckos
  An orc (D:3)
  5 giant cockroaches
  4 hobgoblins
  2 jackals (D:3)
  A quokka (D:2)
  4 bats
  10 frilled lizards
  6 goblins
  14 kobolds
  4 rats (D:1)
59 creatures vanquished.

Notes
Turn   | Place    | Note
-------+----------+-------------------------------------------
     0 | D:1      | Ihlosi the Kobold Gladiator began the quest for the Orb.
     0 | D:1      | Reached XP level 1. HP: 12/12 MP: 1/1
   129 | D:1      | Reached XP level 2. HP: 17/17 MP: 2/2
   684 | D:1      | Reached XP level 3. HP: 17/22 MP: 3/3
   836 | D:2      | Found a shattered altar of Ashenzari.
  1027 | D:2      | Found an ornate altar of the Wu Jian Council.
  1367 | D:2      | Reached skill level 1 in Stealth
  1561 | D:3      | Reached skill level 1 in Armour
  1561 | D:3      | Reached XP level 4. HP: 27/27 MP: 4/4
  1733 | D:3      | Noticed a phantom
  1850 | D:3      | Found a blossoming altar of Fedhas.
  1900 | D:3      | Found a shattered altar of Ashenzari.
  2021 | D:4      | Reached skill level 5 in Short Blades
  2021 | D:4      | Reached XP level 5. HP: 7/31 MP: 5/5
  2024 | D:4      | Killed from afar by an orc priest

Skill      XL: |  1  2  3  4 |
---------------+-------------+-----
Dodging        | 4 |  4.4
Stealth        | 1 2 |  2.5
Armour         | 1 |  1.1
Short Blades   | 5 |  5.0
Fighting       | |  2.7
Throwing       | |  2.1

Action                   |  1- 3 |  4- 6 || total
-------------------------+-------+-------++-------
Melee: Rapier            |   141 |    47 ||   188
Throw: Throwing net      |     1 |       ||     1
  Use: Scroll            |       |     6 ||     6
       Potion            |       |     2 ||     2
 Stab: Sleeping          |     7 |     4 ||    11
       Held in net/web   |     2 |       ||     2
  Eat: Chunk             |     8 |     3 ||    11
Armor: Leather armour    |    29 |     6 ||    35
Dodge: Dodged            |   126 |    28 ||   154
